[Event "HSK GM Invitational 2022"]
[Site "Hamburg"]
[Date "2022.05.23"]
[Round "4.3"]
[White "Mendonca, Leon Luke"]
[Black "Kotronias, Vasilios"]
[Result "1-0"]
[ECO "E94"]
[WhiteElo "2551"]
[BlackElo "2465"]
[Annotator "TA"]
[PlyCount "169"]
[EventDate "2022.05.20"]
[EventType "tourn"]
[EventCountry "GER"]
[SourceTitle "playchess.com"]
[Source "ChessBase"]
[SourceQuality "1"]
[TimeControl "40/5400+30:1800+30"]

1. d4 Nf6 2. c4 g6 3. Nc3 Bg7 4. e4 d6 5. Nf3 O-O 6. Be2 e5 7. O-O Bg4 8. d5 a5 9. Be3 {[%emt 0:04:36] The main line 9.Be3 scores better than 9.Ne1. E94: King's Indian: Classical: 6 Be2 e5 7 0-0: Various Black 7th moves.} Na6 10. a3 Bd7 11. Nd2 {[%emt 0:01:55] White is slightly better.} h5 12. h3 {[%emt 0:18:58] Inhibits Ng4.} Nh7 {[%emt 0:02:40] [#]} 13. Qc2 $146 ({Predecessor:} 13. Rb1 Nc5 14. b4 axb4 15. axb4 Na4 16. Nxa4 Bxa4 17. Qc1 f5 18. exf5 gxf5 19. f4 {½-½ (42) Yeletsky,I (2448)-Obgolts,E (2417) Sochi 2021}) 13... Bf6 14. Nf3 Ng5 15. Qd2 Nxf3+ 16. Bxf3 Nc5 17. Bd1 {[%emt 0:02:31] Prevents Nb3.} a4 {[%emt 0:06:01] Prevents b3.} 18. Bc2 b6 19. Rae1 Qe7 20. Qd1 Rfb8 21. Re2 Qe8 22. f4 exf4 23. Bxf4 Qe7 $1 24. Ref2 Bg7 {[%emt 0:03:47] Prevents e5.} 25. Qd2 Rf8 26. Bg5 f6 (26... Qe5 $11) 27. Be3 $14 Nb3 28. Bxb3 axb3 29. Bd4 f5 30. Bxg7 (30. Re2 {feels hotter.} Bxd4+ 31. Qxd4 Qh4 32. Qd1) 30... Qxg7 31. exf5 Rxf5 32. Rxf5 Bxf5 33. Nb5 (33. Re1 $5 ) 33... Re8 34. Nd4 Re5 (34... Bd7 $11 {deserves consideration.}) 35. Rf3 Bd7 36. Rxb3 Re4 37. Rd3 Qe5 38. b3 Re1+ 39. Kf2 Rb1 40. Nf3 $36 {[%emt 0:01:31][%mdl 2048] White is on the roll.} Qf6 {[%emt 0:00:19] [#]} (40... Qb2 $142) 41. Qh6 $1 $16 ({Much less strong is} 41. Kg3 Bf5 42. Re3 g5 $16) 41... b5 42. cxb5 ({Better is} 42. Re3) 42... Bxb5 {[%emt 0:00:16] [#]} 43. Re3 {[%emt 0:02:13] Strongly threatening Re6.} Bd7 {[%emt 0:14:13] Against Re6} (43... h4 $2 44. Qxh4 Qxh4+ 45. Nxh4 $18) 44. Kg3 (44. Qg5 $16 Rb2+ 45. Kg3 Qxg5+ 46. Nxg5) 44... Rb2 $2 ({Black should play} 44... Rd1 $1 $14) 45. a4 c6 46. Qg5 (46. Nh4 $18) 46... Qxg5+ $11 47. Nxg5 {[%emt 0:00:01] Re7 is the strong threat.} cxd5 {[%emt 0:00:26][%mdl 4096] Endgame KRB-KRN} 48. Nf3 Kf7 {[%emt 0:05:06] Prevents Re7+.} 49. h4 Kf6 50. Rd3 Bf5 51. Rxd5 Rxb3 52. Rxd6+ Ke7 53. Ra6 Be4 54. Kf4 Bxf3 {[%emt 0:00:13][%mdl 8192] Black is now going downhill.} (54... Rb4 $11 55. Ke5 Bxf3 56. gxf3 Rxh4) 55. gxf3 {[%emt 0:00:05] Hoping for Kg5. KR-KR} Kf7 $2 (55... Rb2 56. Rxg6 Rb4+ 57. Kg5 Rxa4) 56. Kg5 $18 Rxf3 57. Ra7+ Ke6 58. Kxg6 Rg3+ 59. Kxh5 {[%emt 0:00:05] Kh6 would kill now.} Kf6 60. Ra6+ Kf5 61. Kh6 Rh3 62. h5 Rh4 63. Kg7 Rg4+ 64. Kh7 Rb4 65. Ra7 (65. Kg8 $142 Rb8+ 66. Kg7 Rb7+ 67. Kf8) 65... Kg5 66. Ra5+ Kf6 67. Ra6+ $2 ({Only move:} 67. Kh6 $18 Rb8 68. Ra6+ Kf5 69. Kg7 Rb7+ 70. Kf8) 67... Kf7 $2 (67... Kf5 $11) 68. Kh6 Rg4 69. a5 Rg1 70. Rg6 Ra1 71. Rg5 Rf1 72. Kh7 Rf6 73. h6 Kf8 74. Rg6 Rf7+ 75. Rg7 Rf6 76. Ra7 Rc6 77. a6 (77. Rb7 $142 Ra6 78. Rb6 Rxa5 79. Kg6 Ra1 80. Rb8+ Ke7 81. h7 Ke6 82. Re8+ Kd7 83. h8=Q) 77... Rd6 78. Ra8+ {[%emt 0:00:43] White mates.} Kf7 79. a7 Rd7 80. Rg8 Kf6+ 81. Rg7 Rd8 82. Rg6+ Kf7 83. Ra6 Ra8 84. Ra1 Kf6 85. Ra2 {[%emt 0:00:07] Weighted Error Value: White=0.28 (precise) /Black=0.47} 1-0

[Event "HSK GM Invitational 2022"]
[Site "Hamburg"]
[Date "2022.05.23"]
[Round "4.4"]
[White "Souleidis, Georgios"]
[Black "Svane, Frederik"]
[Result "1/2-1/2"]
[ECO "B90"]
[WhiteElo "2430"]
[BlackElo "2501"]
[Annotator "TA"]
[PlyCount "100"]
[EventDate "2022.05.20"]
[EventType "tourn"]
[EventCountry "GER"]
[SourceTitle "playchess.com"]
[Source "ChessBase"]
[SourceQuality "1"]
[TimeControl "40/5400+30:1800+30"]

1. e4 c5 2. Nf3 d6 3. d4 cxd4 4. Nxd4 Nf6 5. Nc3 a6 6. a3 g6 {[%emt 0:00:11] B90: Sicilian Najdorf: Unusual White 6th moves, 6 Be3 Ng4 and 6 Be3 e5.} 7. Be2 Bg7 8. Be3 Nbd7 {[%emt 0:13:32] [#]} 9. g4 $146 (9. f3 $14) ({Predecessor:} 9. Qd2 b5 10. Bh6 Bxh6 11. Qxh6 Bb7 12. O-O Rc8 13. Rfe1 Qb6 14. Rad1 e5 15. Nb3 Bxe4 {0-1 (43) Sadhwani,R (2434)-Andriasian,Z (2604) Montebelluna 2018}) 9... Nc5 10. f3 e5 11. Nb3 Nxb3 12. cxb3 Be6 13. Bc4 {[%emt 0:11:56] Inhibits d5.} Rc8 14. Qd3 b5 15. Bxe6 fxe6 16. Rd1 Rc6 (16... d5 $11 {keeps the balance.}) 17. Na2 $1 $16 d5 18. Nb4 Rd6 {[%emt 0:00:03] [#]} (18... Rc8 $142) 19. Nxa6 $1 O-O 20. Nb4 {[%emt 0:00:35] White is more active.} ({Much less strong is} 20. Qxb5 Ne8 $11) (20. Nc5 $16 {And now Nb7 would win.} Nxg4 21. fxg4 Qh4+ 22. Kd2) 20... Nd7 (20... Ne8 $11 21. Ke2 Rxf3 $1) 21. O-O d4 22. Rc1 {[%emt 0:01:27] Prevents Nc5.} ({But not} 22. Qxb5 Rb6 23. Qd3 h5 $14) 22... Qb6 23. Bd2 Nc5 24. Qc2 Rc8 {[%emt 0:00:03] aiming for ...d3.} 25. Nd3 Rdc6 26. Nxc5 Rxc5 27. Qd3 Kf7 28. Rxc5 Rxc5 29. Rc1 Rxc1+ 30. Bxc1 {[%emt 0:00:01][%mdl 4096] Endgame KQB-KQB} Ke7 31. Bd2 Kd7 32. Kf1 Kc6 33. Ke2 Qc5 (33... Kb7 $16 34. Qc2 Bf8) 34. a4 Kb6 35. h3 Bf6 36. axb5 Qxb5 37. Qc4 Be7 38. Kd3 Bd6 39. Bg5 {[%emt 0:03:35] Bd8+ is the strong threat.} Qd7 {[%emt 0:00:00] Against Bd8+} 40. Bd2 (40. Bf6 $16) 40... Qe8 (40... Qb5 $11 {remains equal.}) 41. f4 exf4 {[%emt 0:24:29] [#]} 42. Qxd4+ (42. e5 $1 $16 Bxe5 {[#]} 43. Bxf4 $1 ) 42... Bc5 $14 43. Qf6 (43. Qa4 $14 Qd8+ 44. Kc2) 43... Qb5+ 44. Kc2 Qc6 {[%emt 0:00:07] White must now prevent ...Bd4+.} 45. Kd3 {[%emt 0:01:12] Prevents Bd4.} Qd6+ (45... Qb5+ $11 46. Kc2 Qc6 47. Qd8+ Ka7) 46. Ke2 e5 47. Qxd6+ (47. g5 $1 $14) 47... Bxd6 $11 {[%emt 0:00:05] The position is equal.} 48. Bc3 Kc5 49. Kf3 Bc7 50. Ke2 Bd6 {[%emt 0:00:08] White really could win this.  Weighted Error Value: White=0.16 (very precise) /Black=0.23 (precise)} 1/2-1/2

[Event "HSK GM Invitational 2022"]
[Site "Hamburg"]
[Date "2022.05.23"]
[Round "4.5"]
[White "Trent, Lawrence"]
[Black "Colpe, Malte"]
[Result "1-0"]
[ECO "B13"]
[WhiteElo "2398"]
[BlackElo "2348"]
[Annotator "TA"]
[PlyCount "63"]
[EventDate "2022.05.20"]
[EventType "tourn"]
[EventCountry "GER"]
[SourceTitle "playchess.com"]
[Source "ChessBase"]
[SourceQuality "1"]
[TimeControl "40/5400+30:1800+30"]

1. Nc3 d5 2. d4 Nf6 3. Bf4 c5 4. e3 cxd4 5. exd4 a6 6. Nf3 {[%emt 0:00:04] B13: Caro-Kann: Exchange Variation and Panov-Botvinnik Attack.} Nc6 7. Ne5 Bd7 8. g4 {[%emt 0:01:30] The position is equal. 8.g3 is becoming the main line.} h6 {[%emt 0:00:55] [#]} 9. Bg2 $146 ({Predecessor:} 9. Nxc6 Bxc6 10. Qf3 e6 11. O-O-O Rc8 12. Bd3 Qb6 13. Rhe1 Bb4 14. Bxh6 Rxh6 15. g5 Rxh2 16. gxf6 {½-½ (34) Grayland,S (2352)-Mason,I (2272) ICCF email 2021}) 9... e6 ({Resist} 9... Nxe5 10. dxe5 Bxg4 11. f3 $16) 10. h4 Bb4 11. Kf1 Bxc3 12. bxc3 Nxe5 13. Bxe5 Bb5+ 14. Kg1 Rg8 15. a4 Bc6 16. a5 Ne4 17. Qd3 ({White should play} 17. Rh3 $11) 17... Rc8 $15 18. Qe3 f6 ({Better is} 18... Bb5 $1 $15 19. Bxe4 dxe4) 19. Bf4 $11 {[%emt 0:08:04] [#] aiming for f3.} g5 (19... Kf7 $11) 20. hxg5 $14 hxg5 21. Bh2 Kf7 22. c4 {[%emt 0:01:50][%cal Bc3c4,Bc4c5][%mdl 32] Inhibits Bb5. And now c5 would win.} (22. f3 $5 Nd6 23. Re1 $14) 22... Qd7 $2 {[%emt 0:04:46] [#] Loses the game.} (22... Rh8 $14) 23. c5 $1 $18 f5 $2 (23... e5 {is a better chance.}) 24. Be5 {[%emt 0:02:39] White is clearly winning.} f4 (24... Ke8 $142 25. gxf5 g4 26. Bxe4 dxe4 27. fxe6 Qxe6) 25. Qe1 (25. Rh7+ $142 Rg7 26. Rxg7+ Kf8 27. Qb3 Qxg7 28. Bxg7+ Kxg7 29. Bxe4) 25... Ke8 26. Ra3 Qf7 27. Rah3 {[%emt 0:00:10] Strongly threatening Rh7.} Nf6 {[%emt 0:00:36] Prevents Rh7.} 28. Bf1 {[%emt 0:04:01][%cal Bg2f1,Bf1d3,Bd3h7,Bh7g6][%mdl 32] This bishop pair is nice.} Kd7 29. Rh6 Ne8 30. Bd3 Ng7 31. Bh7 Rh8 32. Bg6 {[%emt 0:00:07] Weighted Error Value: White=0.33/Black=0.47} 1-0

[Event "HSK GM Invitational 2022"]
[Site "Hamburg"]
[Date "2022.05.24"]
[Round "5.1"]
[White "Colpe, Malte"]
[Black "Prohaszka, Peter"]
[Result "1-0"]
[ECO "A63"]
[WhiteElo "2348"]
[BlackElo "2579"]
[Annotator "TA"]
[PlyCount "71"]
[EventDate "2022.05.20"]
[EventType "tourn"]
[EventCountry "GER"]
[SourceTitle "playchess.com"]
[Source "ChessBase"]
[SourceQuality "1"]
[TimeControl "40/5400+30:1800+30"]

1. d4 Nf6 2. c4 e6 3. Nc3 Bb4 4. e3 Nc6 5. Bd2 Bxc3 6. Bxc3 O-O 7. Bd3 d6 8. Ne2 e5 9. d5 Ne7 10. O-O b5 11. b3 c6 12. e4 Ba6 13. cxb5 Bxb5 14. Bxb5 cxb5 15. Qd3 Qb6 16. Bd2 Nd7 17. Be3 Qb7 18. a4 a6 19. axb5 axb5 20. Nc3 Rfb8 21. b4 Ra6 22. Rfb1 Nc8 23. Ra5 Rxa5 24. bxa5 b4 25. Qc4 h6 26. h3 Kh7 27. Qc6 Qxc6 28. dxc6 Nc5 29. Nd5 b3 30. Nb6 Na7 31. c7 Rb7 32. c8=Q Nxc8 33. Nxc8 Ne6 34. a6 Rc7 35. Nb6 Ra7 36. f3 1-0

[Event "HSK GM Invitational 2022"]
[Site "Hamburg"]
[Date "2022.05.24"]
[Round "5.2"]
[White "Svane, Frederik"]
[Black "Trent, Lawrence"]
[Result "1-0"]
[ECO "E94"]
[WhiteElo "2501"]
[BlackElo "2398"]
[Annotator "TA"]
[PlyCount "353"]
[EventDate "2022.05.20"]
[EventType "tourn"]
[EventCountry "GER"]
[SourceTitle "playchess.com"]
[Source "ChessBase"]
[SourceQuality "1"]
[TimeControl "40/5400+30:1800+30"]

1. e4 e5 2. Nf3 Nc6 3. Nc3 Nf6 4. Bb5 Bd6 5. d3 h6 6. Ba4 Bc5 7. O-O d6 8. Ne2 Bg4 9. d4 exd4 10. Nexd4 O-O 11. Nxc6 bxc6 12. Bxc6 Rb8 13. Qd3 Rb6 14. Bd5 Nxd5 15. Qxd5 Qf6 16. Qd3 Re8 17. Nd2 d5 18. Qxd5 Re5 19. Qd3 Rd6 20. Qg3 Be2 21. Re1 Rg5 22. e5 Qf5 23. exd6 Rxg3 24. Rxe2 Rg6 25. dxc7 Bb6 26. Nf1 Bxc7 27. Ng3 Qg4 28. Bd2 h5 29. Rae1 Kh7 30. Re4 Qd7 31. Bc1 Rg4 32. Re7 Qc6 33. Rxf7 h4 34. h3 Qc4 35. Rf3 Rg6 36. Nf5 Qxc2 37. Ne3 Qc6 38. Rf5 Re6 39. Rh5+ Kg8 40. Rxh4 Re4 41. Rxe4 Qxe4 42. Bd2 Bb6 43. Ng4 Qa4 44. Bc3 Ba5 45. b3 Qa3 46. Bxa5 Qxa5 47. Re2 Qf5 48. Ne3 Qf6 49. Rc2 Kh7 50. Rc4 Qb2 51. Rc2 Qd4 52. Kf1 Qd3+ 53. Ke1 Qa6 54. Rd2 Qa5 55. Ke2 Qb5+ 56. Kd1 Qe5 57. Ke1 Qa5 58. h4 Qe5 59. g3 Qe4 60. Ke2 Qe6 61. Rd3 Qa6 62. a4 Qe6 63. Rd5 Qb6 64. Rb5 Qc6 65. Rh5+ Kg8 66. Rg5 Qe6 67. Rb5 Kh7 68. Kf1 a6 69. Rd5 Qe4 70. Rd1 Qb4 71. Rd3 Qe4 72. Ke2 Qe7 73. Kf3 Qf7+ 74. Kg2 Qg6 75. Rc3 Qe4+ 76. Kh2 Qf3 77. Kg1 Qf6 78. Rc4 Qa1+ 79. Kg2 Qa3 80. Rc3 Qb4 81. Rc4 Qxb3 82. Rf4 Qe6 83. Kg1 Kh8 84. Nf5 Qe5 85. Nd4 Qe1+ 86. Kg2 Qe8 87. Nf3 Kg8 88. Ng5 Qc6+ 89. Kh2 Qb6 90. Rf5 g6 91. Rf4 Qc6 92. Nf3 Qc3 93. Ng5 Qc6 94. Ne4 Kg7 95. Nf6 Qe6 96. Ng4 Qd5 97. Ne3 Qb3 98. Kg2 Qb8 99. Rd4 Qb7+ 100. Kh2 Qf7 101. Kg1 Qe6 102. Ng2 Qe5 103. Nf4 Qe1+ 104. Kg2 Qa1 105. Re4 Kf7 106. Ne6 Qa3 107. Ng5+ Kg7 108. Rf4 Qb3 109. Rf7+ Kg8 110. Rf4 Kg7 111. Kh2 Qa2 112. Kg1 Qb1+ 113. Kh2 Qa2 114. Nh3 Qd5 115. Rg4 Qf3 116. Rg5 Kh6 117. Rc5 Kg7 118. a5 Kg8 119. Re5 Qf6 120. Rg5 Kh7 121. Nf4 Qd4 122. Kg1 Qa1+ 123. Kg2 Qa4 124. Re5 Qc6+ 125. Kh2 Qc2 126. Nh3 Qa2 127. Kg2 Qa4 128. Nf4 Qc6+ 129. Kh2 Qc2 130. Nh3 Qa2 131. Rc5 Qe2 132. Rc7+ Kg8 133. Rc6 Qd3 134. Rc5 Qf3 135. Re5 Qf6 136. Rd5 Qc6 137. Nf4 Kf7 138. Re5 Qc2 139. Nh3 Kf6 140. Rd5 Qc6 141. Nf4 Qc2 142. Nh3 Qc6 143. Rg5 Qc2 144. h5 gxh5 145. Rxh5 Kg7 146. Rg5+ Kf7 147. Rd5 Qa2 148. Rf5+ Kg7 149. Kg2 Qc2 150. Rh5 Qe4+ 151. Kh2 Qc2 152. Re5 Kf6 153. Rd5 Ke7 154. Rh5 Qd2 155. Rf5 Qd6 156. Nf4 Qd4 157. Nd5+ Ke6 158. Ne3 Qh8+ 159. Kg2 Qa8+ 160. Rd5 Qb8 161. g4 Qb4 162. Rf5 Qb7+ 163. Kg3 Qh1 164. g5 Qg1+ 165. Kh4 Qh1+ 166. Kg4 Qg1+ 167. Kh5 Qh1+ 168. Kg6 Qe4 169. Kg7 Qb7+ 170. Kg8 Qb8+ 171. Rf8 Qb1 172. Nf5 Qa2 173. f4 Qxa5 174. g6 Qd5 175. Kh7 Qh1+ 176. Nh6 Ke7 177. g7 1-0

[Event "HSK GM Invitational 2022"]
[Site "Hamburg"]
[Date "2022.05.24"]
[Round "5.3"]
[White "Kotronias, Vasilios"]
[Black "Souleidis, Georgios"]
[Result "1-0"]
[ECO "B90"]
[WhiteElo "2465"]
[BlackElo "2430"]
[Annotator "TA"]
[PlyCount "60"]
[EventDate "2022.05.20"]
[EventType "tourn"]
[EventCountry "GER"]
[SourceTitle "playchess.com"]
[Source "ChessBase"]
[SourceQuality "1"]
[TimeControl "40/5400+30:1800+30"]

1. e4 e5 2. Nf3 Nc6 3. Bb5 a6 4. Ba4 Nf6 5. O-O Nxe4 6. d4 Be7 7. Qe2 b5 8. Bb3 d5 9. dxe5 Na5 10. Nbd2 Nxb3 11. axb3 Bb7 12. Nd4 Qc8 13. Qh5 g6 14. Qd1 c5 15. Ne2 O-O 16. Nf3 Qc6 17. b4 cxb4 18. Nfd4 Qd7 19. Bh6 Rfe8 20. f3 Nc5 21. Qd2 Ne6 22. f4 Bc5 23. Kh1 a5 24. Nb3 Bb6 25. f5 Ng7 26. e6 fxe6 27. fxg6 Nf5 28. gxh7+ Kxh7 29. Bg5 d4 30. Qd3 a4 1-0

[Event "HSK GM Invitational 2022"]
[Site "Hamburg"]
[Date "2022.05.24"]
[Round "5.4"]
[White "Koellner, Ruben Gideon"]
[Black "Mendonca, Leon Luke"]
[Result "1/2-1/2"]
[ECO "C41"]
[WhiteElo "2440"]
[BlackElo "2551"]
[Annotator "TA"]
[PlyCount "130"]
[EventDate "2022.05.20"]
[EventType "tourn"]
[EventCountry "GER"]
[SourceTitle "playchess.com"]
[Source "ChessBase"]
[SourceQuality "1"]
[TimeControl "40/5400+30:1800+30"]

1. d4 d5 2. c4 e6 3. Nc3 c6 4. e3 Nf6 5. Nf3 Nbd7 6. Be2 Bd6 7. O-O O-O 8. b3 b6 9. Qc2 Bb7 10. e4 dxe4 11. Nxe4 Nxe4 12. Qxe4 Nf6 13. Qh4 c5 14. Bb2 Ne4 15. Qh3 Qe7 16. Rad1 cxd4 17. Nxd4 Rad8 18. Bd3 Bc5 19. Bxe4 Bxe4 20. Qg4 f5 21. Qe2 e5 22. Nb5 Qg5 23. g3 Qg4 24. Qxg4 fxg4 25. Rxd8 Rxd8 26. Bxe5 Rd2 27. Bc3 Rxa2 28. Nd4 a5 29. Ra1 Rxa1+ 30. Bxa1 Kf7 31. Kf1 Bf3 32. Bc3 g6 33. Ke1 Be4 34. Ke2 h5 35. Ke3 Bb1 36. Kd2 Ke7 37. Kc1 Be4 38. Kd2 Kf7 39. Nb5 Ke6 40. Nd4+ Kd7 41. Ke3 Bc2 42. Kd2 Bb1 43. Kc1 Be4 44. Kd2 Be7 45. Ne2 Bg5+ 46. Nf4 Kc6 47. Bd4 Be7 48. Kc3 Bb4+ 49. Kb2 Be1 50. Be3 Bb4 51. Bd4 Be1 52. Be3 b5 53. cxb5+ Kxb5 54. Ne6 Kc6 55. Nd4+ Kd5 56. Nc2 Bxc2 57. Kxc2 Bb4 58. Kd3 Be1 59. Kc2 Bb4 60. Kd3 Bc5 61. Bd2 Bxf2 62. Bxa5 Bg1 63. Ke2 Bxh2 64. Kf2 h4 65. gxh4 Bd6 1/2-1/2

[Event "HSK GM Invitational 2022"]
[Site "Hamburg"]
[Date "2022.05.24"]
[Round "5.5"]
[White "Carlstedt, Jonathan"]
[Black "Woelk, Tom-Frederic"]
[Result "1/2-1/2"]
[ECO "B13"]
[WhiteElo "2444"]
[BlackElo "2315"]
[Annotator "TA"]
[PlyCount "173"]
[EventDate "2022.05.20"]
[EventType "tourn"]
[EventCountry "GER"]
[SourceTitle "playchess.com"]
[Source "ChessBase"]
[SourceQuality "1"]
[TimeControl "40/5400+30:1800+30"]

1. d4 Nf6 2. c4 e6 3. Nc3 d5 4. Nf3 Be7 5. Bg5 Nbd7 6. e3 O-O 7. Rc1 h6 8. Bxf6 Nxf6 9. c5 c6 10. b4 Nd7 11. Bd3 Bf6 12. e4 dxe4 13. Bxe4 Bg5 14. Rb1 Nf6 15. Nxg5 hxg5 16. h4 Nxe4 17. Nxe4 Qd5 18. Qd3 g4 19. O-O e5 20. Rbd1 exd4 21. Qxd4 Be6 22. a4 Qh5 23. Nd6 Rfd8 24. Qf4 Rd7 25. a5 Qxh4 26. Rfe1 Rad8 27. Rd3 Qf6 28. Qd2 Qh6 29. Rde3 Qf4 30. Rd1 b6 31. a6 bxc5 32. bxc5 Qa4 33. Qe2 Re7 34. Re1 Qb4 35. Re4 Qa3 36. Re5 Rb8 37. Rg5 Qb2 38. Nf5 Qxe2 39. Nxe7+ Kf8 40. Rxe2 Rb1+ 41. Kh2 Kxe7 42. Rxg4 Ra1 43. Rxg7 Rxa6 44. Rg3 Ra5 45. Rc3 Rb5 46. g4 Kf6 47. Kg3 a5 48. Re4 Bb3 49. Rd4 Bd5 50. f3 Ke5 51. Rd1 a4 52. Re3+ Kf6 53. Ra3 Bb3 54. Rd6+ Ke7 55. Rxc6 Kd7 56. Rd6+ Kc7 57. Rh6 Rxc5 58. Kf4 Rc6 59. g5 Rc4+ 60. Ke5 Rc5+ 61. Kf6 Kb6 62. f4 Kb5 63. Ra1 Kb4 64. f5 Bc2 65. Rh4+ Kb5 66. Rf4 Bb3 67. Kg7 Rc4 68. Rf3 Rg4 69. Kf6 Kb4 70. Re3 Rf4 71. Rc1 Ka3 72. Rc5 Ka2 73. Re2+ Ka3 74. Re7 Rg4 75. Rb5 Rb4 76. Ra5 Rg4 77. Rea7 Kb2 78. Ra8 Rf4 79. g6 fxg6 80. Kxg6 Bc2 81. Rb8+ Ka2 82. Kg5 Rxf5+ 83. Rxf5 Bxf5 84. Kxf5 a3 85. Ke4 Ka1 86. Kd3 a2 87. Kc2 1/2-1/2

[Event "HSK GM Invitational 2022"]
[Site "Hamburg"]
[Date "2022.05.24"]
[Round "6.1"]
[White "Prohaszka, Peter"]
[Black "Woelk, Tom-Frederic"]
[Result "1-0"]
[ECO "E04"]
[WhiteElo "2579"]
[BlackElo "2315"]
[Annotator "TA"]
[PlyCount "129"]
[EventDate "2022.05.20"]
[EventType "tourn"]
[EventCountry "GER"]
[SourceTitle "playchess.com"]
[Source "ChessBase"]
[SourceQuality "1"]
[TimeControl "40/5400+30:1800+30"]

1. d4 Nf6 2. c4 e6 3. g3 d5 4. Bg2 dxc4 5. Nf3 a6 6. O-O Nc6 7. e3 Rb8 8. Qe2 {[%emt 0:00:29] E04: Open Catalan: 5 Nf3.} b5 9. b3 cxb3 10. axb3 {[%emt 0:00:02] The position is equal.} Bb7 11. Rd1 $5 {[%emt 0:07:22][%mdl 4] Leaves trodden paths.} Nb4 12. Ba3 Be7 13. Nc3 Nbd5 {[%emt 0:05:49] [#]} 14. Nxd5 $146 ({Predecessor:} 14. Bxe7 Nxc3 15. Qc2 Qxe7 16. Qxc3 Nd5 17. Qd2 O-O 18. Rdc1 Rfc8 19. Rc5 Nf6 20. Qc2 {½-½ (39) Garriga Cazorla,P (2392)-Lianes Garcia,M (2236) Linares 2016}) 14... exd5 (14... Qxd5 15. Ne1 Ne4 16. Bxe7 Kxe7 17. Qc2 $16) 15. Bxe7 Qxe7 16. Rdc1 O-O 17. Ne5 {[%emt 0:01:58][%mdl 1024] White has compensation.} Qd6 18. Qc2 c6 19. Bh3 {[%emt 0:02:09][%cal Re5c6] Prevents Nd7.} ({Wrong is} 19. Nxc6 $2 Rbc8 20. Qc5 Rxc6 $19) 19... g6 20. Qc5 $1 ({Much worse is} 20. Nxc6 Rbc8 $1 21. Bxc8 Rxc8 $15) 20... Rfd8 21. Nxc6 {[%emt 0:09:40] White is much more active.} (21. Qa7 {feels hotter.} Rf8 22. Rab1 a5 23. Ra1) 21... Bxc6 22. Qxd6 Rxd6 23. Rxa6 Ra8 24. Rxa8+ {[%emt 0:04:13][%mdl 64] Remove Defender} Bxa8 25. Rc8+ Kg7 {[%emt 0:00:05] ...Ra6 is the strong threat.} 26. Rxa8 $11 {[%emt 0:00:03][%mdl 4096] Endgame KRB-KRN} Rc6 27. Rc8 Ra6 28. Rc1 Ra2 29. Bg2 Rb2 30. Bf3 Rxb3 31. Rc5 Rb1+ 32. Kg2 Rb2 $1 33. g4 b4 $1 34. g5 Ne4 35. Bxe4 dxe4 {[%emt 0:00:07] KR-KR} 36. Rc8 b3 37. Rb8 h6 38. h4 hxg5 39. hxg5 Ra2 40. Rb5 Rb2 ({Don't take} 40... b2 41. Kg3 $16) 41. Rb8 Ra2 42. Kg3 Rb2 (42... b2 $2 43. Kf4 $16) 43. Kf4 Rxf2+ 44. Kxe4 b2 45. d5 Rd2 46. Ke5 Rg2 47. Kd6 Re2 48. Kc5 {[%emt 0:00:00] Strongly threatening d6.} (48. Rb7 {seems wilder.} Kg8 49. Kc5 Rc2+ 50. Kd4) 48... Rxe3 49. Rxb2 {[%emt 0:04:34] Black must now prevent d6.} Re5 50. Kc6 Rxg5 51. d6 {[%emt 0:00:00] White wants to mate with d7.} Rg1 52. Rc2 {[%emt 0:00:00] Inhibits Rc1.} (52. d7 $16 Rc1+ 53. Kd6 Rd1+ 54. Ke7 Re1+ 55. Kd6 Rd1+ 56. Ke7 Re1+ 57. Kd6 Rd1+) 52... Rd1 53. d7 f5 54. Re2 {[%emt 0:00:00] Threatening mate with Re8.} Kf6 55. Re8 f4 $2 (55... g5 $11) 56. d8=Q+ Rxd8 57. Rxd8 {[%emt 0:00:00] KR-KPP} Ke5 58. Kc5 Ke4 59. Kc4 $1 Ke3 {[%emt 0:00:00] [#]} 60. Kc3 $2 (60. Rd3+ $1 {mates} Ke4 61. Rd8 g5 62. Kc3 Ke3 63. Re8+ Kf2 64. Kd2 g4 65. Re4) 60... f3 $1 $14 61. Re8+ Kf2 $1 62. Kd2 {[%emt 0:00:00] Rg8 would kill now.} Kg1 $2 (62... Kg2 $14) 63. Rg8 {[%emt 0:01:04] White mates.} f2 64. Rxg6+ Kf1 {[%emt 0:00:05] [#]} 65. Rf6 $1 {[%emt 0:00:03] Weighted Error Value: White=0.18 (very precise) /Black=0.23 (precise)} 1-0

[Event "HSK GM Invitational 2022"]
[Site "Hamburg"]
[Date "2022.05.30"]
[Round "6.2"]
[White "Colpe, Malte"]
[Black "Svane, Frederik"]
[Result "1/2-1/2"]
[ECO "E08"]
[WhiteElo "2348"]
[BlackElo "2501"]
[Annotator "TA"]
[PlyCount "53"]
[EventDate "2022.05.20"]
[EventType "tourn"]
[EventCountry "GER"]
[SourceTitle "playchess.com"]
[Source "ChessBase"]
[SourceQuality "1"]
[TimeControl "40/5400+30:1800+30"]

1. d4 Nf6 2. c4 e6 3. Nf3 b6 4. g3 Bb7 5. Bg2 Bb4+ 6. Bd2 Be7 7. O-O c6 8. Qc2 d5 9. Rd1 O-O 10. Bf4 Nbd7 11. Ne5 Nh5 12. Bc1 Nhf6 13. Bf4 Nh5 14. Bc1 Nhf6 15. Bf4 Nh5 {[%emt 0:00:11] [#] An interesting draw. 15...Nh5 has become a bit dusty these days. E08: Closed Catalan: Main Line: 7 Qc2.} {Predecessor:} 16. Bd2 $146 Nhf6 17. cxd5 cxd5 18. Nc6 Bxc6 19. Qxc6 Rc8 20. Qa4 Qc7 21. Nc3 Qb7 22. e3 a6 23. Qb3 Rc7 24. Rdc1 b5 25. Ne2 Nb6 26. Rxc7 Qxc7 27. Rc1 {½-½ (33) Vidit,S (2726)-Duda,J (2738) Krasnaya Polyana 2021} 1/2-1/2

[Event "HSK GM Invitational 2022"]
[Site "Hamburg"]
[Date "2022.05.24"]
[Round "6.3"]
[White "Souleidis, Georgios"]
[Black "Koellner, Ruben Gideon"]
[Result "1/2-1/2"]
[ECO "C41"]
[WhiteElo "2430"]
[BlackElo "2440"]
[Annotator "TA"]
[PlyCount "60"]
[EventDate "2022.05.20"]
[EventType "tourn"]
[EventCountry "GER"]
[SourceTitle "playchess.com"]
[Source "ChessBase"]
[SourceQuality "1"]
[TimeControl "40/5400+30:1800+30"]

1. e4 d6 2. d4 Nf6 3. Nc3 e5 4. Nf3 Nbd7 5. Rg1 c6 6. g4 {[%emt 0:00:09] C41: Philidor Defence.} h6 7. Be3 {[%emt 0:00:15] 7.h4 is more advanced technology.} Qa5 8. Nd2 {[%emt 0:02:17] White has an edge.} b5 9. a3 a6 10. f4 Bb7 (10... Qb6 $11 {keeps the balance.}) 11. Nb3 Qc7 {[%emt 0:00:10] [#]} 12. g5 $146 ({Predecessor:} 12. Qe2 c5 13. dxc5 dxc5 14. g5 hxg5 15. fxg5 Nxe4 16. Nxe4 Bxe4 17. O-O-O Rb8 18. Nd2 {0-1 (35) Buzeti,J (2207)-Janzelj,L (2066) Otocec 2015}) 12... hxg5 13. fxg5 Nh5 14. g6 fxg6 15. Qg4 {[%emt 0:00:34] [#] Hoping for Qe6+.} O-O-O $1 16. dxe5 dxe5 17. O-O-O Nhf6 (17... Kb8 $5 ) 18. Qxg6 a5 {[%emt 0:14:56] [#]} (18... c5 $11) 19. Qf5 {[%emt 0:11:22] 0x0.000a5af3d217dp-1022s more active pieces.} ({White should play} 19. a4 $1 $16) 19... Kb8 20. Qf2 a4 (20... b4 $1 $11 {remains equal.} 21. axb4 axb4) 21. Nc5 (21. Nd2 $16) 21... Nxc5 {[%emt 0:00:34] The position is equal.} 22. Rxd8+ Qxd8 23. Bxc5 Bxc5 24. Qxc5 Qd4 25. Qxd4 exd4 26. Ne2 $132 {[%emt 0:00:34][%mdl 2048] White is not keeping still} Nxe4 {[%emt 0:01:34] Black wants to play ...c5.} 27. Nxd4 Rxh2 28. Bd3 Nf6 29. Rxg7 Rh1+ 30. Kd2 Rh2+ {[%emt 0:00:23] Weighted Error Value: White=0.15 (very precise) /Black=0.20 (precise)} 1/2-1/2